 Dungeon Crawl Stone Soup version 0.19-a0-277-g85cb9a5 (webtiles) character file.

21 oplop the Vexing (level 2, 0/19 HPs)
             Began as a Vampire Enchanter on May 26, 2016.
             Killed by nerve-wracking pain
             ... invoked by Jessica
              (11 damage)
             ... on level 2 of the Dungeon.
             The game lasted 00:01:23 (1027 turns).

oplop the Vexing (Vampire Enchanter)                Turns: 1027, Time: 00:01:23

Health: 0/19       AC:  4    Str:  7    XL:     2   Next: 62%
Magic:  1/5        EV: 13    Int: 17    God:
Gold:   49         SH:  0    Dex: 14    Spells: 2 memorised, 2 levels left

rFire  . . .     SeeInvis +     a - +1 dagger (speed)
rCold  + . .     Gourm    .     b - +1 robe
rNeg   + + .     Faith    .     (no shield)
rPois  +         Spirit   .     (no helmet)
rElec  .         Dismiss  .     (no cloak)
rCorr  .         Reflect  .     (no gloves)
SustAt .         Harm     .     e - +0 pair of boots
MR     .....                    (no amulet)
Stlth  +++.......               (no ring)
                                (no ring)

@: regenerating slowly, not resistant to hostile enchantments, fairly stealthy
A: fangs 3, see invisible, unbreathing
a: no special abilities


You were on level 2 of the Dungeon.
You were thirsty.

You visited 1 branch of the dungeon, and saw 2 of its levels.

You collected 49 gold pieces.

Inventory:

Hand Weapons
 a - a +1 dagger of speed (weapon)
Armour
 b - a +1 robe (worn)
 e - a +0 pair of boots (worn)
Scrolls
 f - 2 scrolls of recharging {unknown}
 j - 2 scrolls of identify {unknown}
 k - a scroll of fear {unknown}
Potions
 d - 6 potions of blood
 g - a potion of resistance {unknown}
 h - a potion of brilliance {unknown}
 i - 2 potions of beneficial mutation {unknown}
Books
 c - a book of Maledictions

   Spells                             Type                      Level
   a - Corona                         Hexes                        1
   b - Ensorcelled Hibernation        Hexes/Ice                    2
   c - Confuse                        Hexes                        3
   d - Tukima's Dance                 Hexes                        3
   e - Dazzling Spray                 Conjuration/Hexes            3


   Skills:
 - Level 1.1 Short Blades
 + Level 2.5 Dodging
 + Level 4.6 Stealth
 + Level 2.3 Spellcasting
 + Level 4.8 Hexes


You had 2 spell levels left.
You knew the following spells:

 Your Spells              Type           Power        Failure   Level  Hunger
a - Corona                Hex            ###....      2%          1    #......
b - Ensorcelled Hibernat  Hex/Ice        ##....       12%         2    ###....


Dungeon Overview and Level Annotations

Branches:
Dungeon (2/15)

Altars:

Annotations:
D:2 Jessica


Innate Abilities, Weirdness & Mutations

You heal slowly.
You have razor-sharp teeth.
You have supernaturally acute eyesight. (SInv)
You can survive without breathing.


Message History

Jessica gestures wildly while chanting.
Jessica seems to speed up.
You hit Jessica.
Jessica is severely wounded.
You are feeling thirsty.
Jessica barely misses you.
You completely miss Jessica.
Jessica is severely wounded.
Jessica misses you.
You hit Jessica.
Jessica is almost dead.
Jessica mumbles some strange words.
Jessica blinks!
Jessica hits you with a dagger of protection.
You hit Jessica but do no damage.
Jessica is almost dead.
Jessica points at you and mumbles some strange words.
Pain shoots through your body!
Ouch! That really hurt!
You die...

#..............
#.............#
#######.............#
#########............<.......
......................>.#....
###.##.....(...........# #
#..........##.##.##
#).........'.....#
#....@@....##.####
#..........##.......#
............############.#
.......#.#### .......#+#
........ #+#.##.. ... ... #.
#.


You could see Jessica.

Vanquished Creatures
  A dart slug (D:1)
  A ball python (D:1)
  A giant cockroach (D:1)
  A quokka (D:2)
  4 bats (D:1)
  3 giant newts (D:1)
  7 goblins
18 creatures vanquished.

Notes
Turn   | Place    | Note
--------------------------------------------------------------
     0 | D:1      | oplop the Vampire Enchanter began the quest for the Orb.
     0 | D:1      | Reached XP level 1. HP: 13/13 MP: 3/3
   379 | D:1      | Reached XP level 2. HP: 19/19 MP: 5/5
   804 | D:2      | Noticed Jessica
   975 | D:2      | Learned a level 2 spell: Ensorcelled Hibernation
  1027 | D:2      | Killed from afar by Jessica

Vault maps used:
D:1:      elethiomel_arrival_infinity_welcomes_careful_drivers, serial_forest,
          infiniplex_forest_clump_tiny, infiniplex_forest_straight_3,
          infiniplex_forest_lined_room_2, infiniplex_forest_straight_3,
          infiniplex_forest_straight_2, infiniplex_forest_clump_tiny
D:2:      lemuel_crystal_altar, ecumenical_altar_2, uniq_jessica

Action                   || total
-------------------------++-------
Melee: Dagger            ||    83
       Bite              ||     5
 Cast: Ensorcelled Hiber ||     3
 Stab: Sleeping          ||     6
Armor: Robe              ||    20
Dodge: Dodged            ||    47
